 Dungeon Crawl Stone Soup version 0.32-a0-981-g384da2ce10 (webtiles) character file.

Game seed: 11203882117928297964

3124 GiantSquids the Mimic (level 9, -11/91 HPs)
             Began as an Octopode Shapeshifter on Apr 21, 2024.
             Was a High Priest of Okawaru.
             Mangled by an orc knight
             ... wielding a +0 war axe
              (15 damage)
             ... in a bailey.
             The game lasted 00:21:25 (4914 turns).

GiantSquids the Mimic (Octopode Shapeshifter)       Turns: 4914, Time: 00:21:25

Health: -11/91     AC: 28    Str: 18    XL:     9   Next: 91%
Magic:  7/9        EV:  2    Int: 12    God:    Okawaru [*****.]
Gold:   234        SH:  0    Dex: 11    Spells: 8/8 levels left

rFire   . .          .
                       - Unarmed
rCold   . . .        (no shield)
rNeg    . . .        (helmet currently unavailable)
rPois   +            e - amulet of faith
rElec   .            d - +4 ring of protection
rCorr   .            g - +5 ring of evasion
SInv    .            w - ring of poison resistance
Will    +....        q - ring of willpower
Stlth   ++++         (no ring)
HPRegen 0.35/turn    (no ring)
MPRegen 0.11/turn    (no ring)
                     (no ring)

%: faith
@: tree-form, heroic, studying Dodging
A: stationary, stasis, torment immunity, boosted hp, almost no armour,
(amphibious), 8 rings, (camouflage 1), (gelatinous body 1), (nimble swimmer 1),
(tentacles)
a: Renounce Religion, Heroism, Finesse, Duel


You were in a bailey.
You worshipped Okawaru.
Okawaru was extremely pleased with you.
You were a tree.
You visited 1 branch of the dungeon, and saw 7 of its levels.
You also visited: Bailey.

You collected 234 gold pieces.

Inventory:

Missiles
 h - 60 stones (quivered)
Jewellery
 d - a +4 ring of protection (left branch)
 e - an amulet of faith (around neck)
 g - a +5 ring of evasion (right branch)
 q - a ring of willpower (on tentacle)
 w - a ring of poison resistance (on tentacle)
 y - a +6 ring of intelligence
 D - an amulet of magic regeneration
 F - an amulet of the acrobat
Talismans
 b - a beast talisman (active)
 c - a flux talisman
Scrolls
 f - 2 scrolls of noise
 j - a scroll of fear {unknown}
 l - 2 scrolls of amnesia
 p - 2 scrolls of teleportation
 r - a scroll of blinking
 B - a scroll of torment {unknown}
 C - a scroll of fog {unknown}
Potions
 k - a potion of magic {unknown}
 m - 2 potions of attraction {unknown}
 n - 3 potions of curing
 o - a potion of ambrosia {unknown}
 s - a potion of brilliance {unknown}
 t - a potion of cancellation {unknown}
 u - 3 potions of might {unknown}
 x - a potion of mutation {unknown}
 z - 2 potions of invisibility {unknown}
 A - a potion of degeneration {unknown}
 E - 2 potions of heal wounds {unknown}
 G - a potion of haste {unknown}


   Skills:
 + Level 5.0(10.0) Fighting
 + Level 7.4(12.4) Dodging
 - Level 3.5(8.5) Stealth
 * Level 7.8(12.8) Unarmed Combat
 + Level 8.4 Shapeshifting


You had 8 spell levels left.
You didn't know any spells.
Your spell library contained the following spells:

 Spells                   Type           Power      Damage    Failure   Level
 Shock                    Conj/Air       0%         1d3       32%         1
 Blink                    Tloc           0%         N/A       45%         2
 Lesser Beckoning         Tloc           0%         N/A       45%         2
 Momentum Strike          Conj/Tloc      0%         3d8       45%         2
 Swiftness                Air            0%         N/A       69%         3
 Airstrike                Air            0%         2d(0-16)  97%         4


Dungeon Overview and Level Annotations

Branches:
Dungeon (7/15)             Temple (0/1) D:4          Bailey (1/1)

Altars:
Okawaru
Xom


Innate Abilities, Weirdness & Mutations

You are a tree.
Your roots penetrate the ground, keeping you stationary.
You cannot be teleported.
You are immune to unholy pain and torment.
Your maximum health is greatly increased.
You cannot wear most types of armour.
((You are amphibious.))
You can wear up to eight rings at the same time.
((Your skin changes colour to match your surroundings (Stealth+).))
((Your rubbery body absorbs attacks. (AC +1, EV +1)))
((You are camouflaged when in or above water. (Stealth+)))
((You have tentacles for arms and can constrict up to eight enemies at once.))


Message History

There is an open door here.
An orc knight comes into view. It is wielding a +0 war axe.
The orc knight shouts!
The orc warlord shouts!
The orc warlord roars a battlecry!
The orc knight goes into a battle-frenzy!
Things that are here:
a +0 hand axe; a +0 leather armour
Items here: )) [[.
Things that are here:
a +0 hand axe; a +0 leather armour
There is an open door here.
Items here: ))))))) [[[[[[ ÷÷.
You gain the combat prowess of a mighty hero.
You bludgeon the orc warlord! Your grab misses the orc warlord.
The orc warlord is lightly wounded.
You bludgeon the orc warlord! Your grab misses the orc warlord.
The orc warlord is lightly wounded.
The orc warlord completely misses you.
The orc knight roars a battlecry!
The orc warlord goes into a battle-frenzy!
You tentacle-slap the orc warlord. You grab the orc warlord.
You squeeze the orc warlord.
The orc warlord is moderately wounded.
You constrict the orc warlord.
The orc warlord hits you with a +9 battleaxe!!
You tentacle-slap the orc warlord.
You tentacle-slap the orc warlord, but do no damage.
You squeeze the orc warlord, but do no damage.
The orc warlord is moderately wounded.
You constrict the orc warlord.
The orc warlord escapes!
You completely miss the orc knight. You grab the orc knight.
You constrict the orc knight. The orc warlord closely misses you.
The orc knight barely misses you.
Your transformation has ended.
You turn into a tree.
Your roots penetrate the ground.
You lose your grip on the orc knight.
The orc warlord hits you with a +9 battleaxe!!!
* * * LOW HITPOINT WARNING * * *
The orc knight hits you with a +0 war axe!
You die...

.# .....##ß..........#
.# o.g.oo#ß..........#
.# oo....'.....⌠....∩#
.# ....g.#ß..........#
.# ...o. #ß..).......#
### .... ###.).).....##
#.###
...###.###))...###
....###.###.....#o#.###
......###......)♣o###
.......#...........#
.......#...........#
.⌠.....#)....⌠.....#
.......')(.........#
.......#)..........#
......###.........##
....### ###.....###
#.### ###.###


You could see an orc warlord (strong) and an orc knight (strong).

Vanquished Creatures
  Sigmund (D:6)
  A water moccasin (D:6)
  12 orc warriors (Bailey)
  A sky beast (D:4)
  5 black bears
  A centaur (D:7)
  A kobold brigand (D:7)
  Blork the orc (D:5)
  2 scorpions (D:6)
  A bombardier beetle (D:6)
  2 jellies
  3 hounds
  2 orc priests
  A sleepcap (D:4)
  2 gnoll boudas (D:6)
  3 orc wizards
  21 gnolls
  8 adders
  A ribbon worm (D:3)
  22 orcs
  7 bats
  11 endoplasms
  2 giant cockroaches (D:4)
  15 goblins
  17 hobgoblins
  9 jackals
  3 quokkas
  10 ball pythons
  3 frilled lizards
  15 kobolds
  4 rats
187 creatures vanquished.

Notes
Turn   | Place    | Note
-------+----------+-------------------------------------------
     0 | D:1      | GiantSquids the Octopode Shapeshifter began the quest for
                  | the Orb.
     0 | D:1      | Reached XP level 1. HP: 13/13 MP: 1/1
    99 | D:1      | Reached skill level 1 in Stealth
   121 | D:1      | Reached XP level 2. HP: 18/18 MP: 2/2
   251 | D:1      | Found a faded altar of an unknown god.
   260 | D:1      | Prayed at the altar of an unknown god.
   260 | D:1      | Became a worshipper of Warmaster Okawaru
   260 | D:1      | Reached * piety under Okawaru
   570 | D:2      | Reached XP level 3. HP: 23/23 MP: 3/3
   733 | D:2      | Reached skill level 4 in Shapeshifting
   746 | D:2      | Reached XP level 4. HP: 28/28 MP: 4/4
  1623 | D:3      | Found a shimmering altar of Xom.
  1625 | D:3      | Found a shimmering altar of Xom.
  1870 | D:3      | Reached ** piety under Okawaru
  1872 | D:3      | Reached XP level 5. HP: 33/33 MP: 5/5
  1981 | D:4      | Reached skill level 5 in Shapeshifting
  2112 | D:4      | Reached XP level 6. HP: 38/38 MP: 6/6
  2290 | D:4      | Noticed a sky beast
  2304 | D:4      | Killed a sky beast
  2305 | D:4      | Reached skill level 6 in Shapeshifting
  2379 | D:4      | Identified a scroll of acquirement
  2380 | D:4      | Acquired a manual of Dodging
  2416 | D:4      | Found a staircase to the Ecumenical Temple.
  2827 | D:5      | Entered Level 5 of the Dungeon
  2849 | D:5      | Reached XP level 7. HP: 43/43 MP: 7/7
  2886 | D:5      | Noticed Blork the orc
  2917 | D:5      | Reached *** piety under Okawaru
  2918 | D:5      | Reached skill level 7 in Shapeshifting
  2921 | D:5      | Killed Blork the orc
  3730 | D:6      | Reached XP level 8. HP: 35/50 MP: 8/8
  3734 | D:6      | Reached **** piety under Okawaru
  3883 | D:6      | Reached skill level 5 in Unarmed Combat
  3973 | D:6      | Reached skill level 5 in Dodging
  4065 | D:6      | Reached ***** piety under Okawaru
  4125 | D:6      | Noticed Sigmund
  4141 | D:6      | Killed Sigmund
  4142 | D:6      | Reached XP level 9. HP: 48/58 MP: 9/9
  4342 | D:7      | Found a flagged portal.
  4349 | Bailey   | Entered a bailey
  4434 | Bailey   | Reached skill level 8 in Shapeshifting
  4857 | Bailey   | Noticed an orc warlord
  4879 | Bailey   | Received a gift from Okawaru
  4880 | Bailey   | Reached skill level 5 in Fighting
  4891 | Bailey   | Identified the ring of the Howling Enemy {Will+ Slay+3}
  4898 | Bailey   | Noticed an orc knight
  4914 | Bailey   | HP: 4/91 [orc warlord/+9 battleaxe (44)]
  4914 | Bailey   | Mangled by an orc knight

Illustrated notes

Levels and vault maps discovered:
D:1:      lightli_arrival_windingriver, layout_basic,
          hellmonk_ecumenical_altar_blasted, minmay_pentomino_z2
D:2:      layout_basic, minmay_cupped
D:3:      layout_rooms, xom_redecorated
D:4:      layout_loops_ring, minmay_temple_entry_drinking_statues,
          dk_vineyard_1, hangedman_decor_lopped
D:5:      layout_basic, uniq_blork_the_orc
D:6:      layout_rooms, minmay_holes, uniq_sigmund
D:7:      layout_loops_ring, kennysheep_slug_shrine, enter_bailey_2,
          chequers_jeans, uniq_duvessa
Bailey:   bailey_axe_minmay_hex_keep, bailey

Skill      XL: |  1  2  3  4  5  6  7  8  9 |
---------------+----------------------------+-----
Stealth        | 1 2 3 |  3.5
Shapeshifting  | 4 5 6 7 8 |  8.4
Dodging        | 3 5 7 |  7.4
Fighting       | 2 3 5 |  5.0
Unarmed Combat | 4 6 7 |  7.8

Action                     |  1- 3 |  4- 6 |  7- 9 || total
---------------------------+-------+-------+-------++-------
  Melee: Unarmed           |    44 |   120 |   170 ||   334
         Constrict         |    13 |    24 |    57 ||    94
         Tentacles         |    10 |    17 |    50 ||    77
         Punch             |     1 |     3 |    11 ||    15
  Throw: Stone             |       |     1 |     7 ||     8
         Throwing net      |       |       |     1 ||     1
 Invoke: Heroism           |       |       |     1 ||     1
    Use: Scroll            |       |     6 |     4 ||    10
         Potion            |       |       |     2 ||     2
   Stab: Sleeping          |     7 |    18 |     1 ||    26
 Armour: Skin              |     8 |    43 |    62 ||   113
  Dodge: Dodged            |    24 |    89 |   125 ||   238

Table legend: (Time is in decaauts)
 A = Elapsed time spent in this place.
 B = Non-inter-level travel time spent in this place.
 C = Inter-level travel time spent in this place.
 D = Time resting spent in this place.
 E = Time spent auto-exploring this place.
 F = Levels seen in this place.
 G = Mean time per level.
                   A        B        C        D        E       F      G
               +--------+--------+--------+--------+--------+-----+--------+
         Total |   4888 |   4688 |    200 |    450 |   3011 |   8 |  611.0 |
       Dungeon |   4332 |   4132 |    200 |    163 |   3003 |   7 |  618.9 |
        Bailey |    555 |    555 |      0 |    287 |      8 |   1 |  555.0 |
               +--------+--------+--------+--------+--------+-----+--------+

Top non-repeatable levels by time:
     D:5: 886 daAuts
     D:4: 865 daAuts
     D:2: 821 daAuts
     D:3: 581 daAuts
  Bailey: 555 daAuts
     D:1: 550 daAuts
     D:6: 549 daAuts
     D:7: 78 daAuts
